TOP OF THE 1ST |
Reading Fightin Phils batting - Pitching for Pensacola Blue Wahoos : LHP Suk-jin Sok
|
Pitching: LHP Suk-jin Sok
|
|
Batting: RHB Prabhukumar Santhanakrishnan
|
0-0: Ball 1-0: Ball 2-0: DOUBLE (Groundball, 5L, EV 105.0 MPH)
|
Batting: RHB Mark Schultz
|
0-0: SINGLE (Line Drive, 34, EV 95.6 MPH) Prabhukumar Santhanakrishnan to third
|
Batting: LHB Josh George
|
0-0: Ball 1-0: Called Strike 1-1: Called Strike 1-2: Ball 2-2: Foul Ball, location: 2F 2-2: Fielders Choice at 2nd, 4-6 (Groundball, 34S, EV 88.1 MPH) Prabhukumar Santhanakrishnan scores
|
Batting: RHB Abel Surraca
|
0-0: Ball 1-0: Foul Ball, location: 2F 1-1: Foul Ball, location: 2F 1-2: Ground out 5-3 (Groundball, 56, EV 90.0 MPH) Josh George to second
|
Batting: RHB Victor Arroyo
|
0-0: Ball 1-0: Ball 2-0: Foul Ball, location: 2F 2-1: 2-RUN HOME RUN (Flyball, 7D, EV 97.5 MPH), Distance : 377 ft
|
Batting: RHB Kyle Reilly
|
0-0: Swinging Strike 0-1: Ball 1-1: Foul Ball, location: 2F 1-2: Strikes out swinging
|
Top of the 1st over - 3 runs, 3 hits, 0 errors, 0 left on base; Reading 3 - Pensacola 0 |
BOTTOM OF THE 1ST |
Pensacola Blue Wahoos batting - Pitching for Reading Fightin Phils : RHP Manny Cordova
|
Pitching: RHP Manny Cordova
|
|
Batting: RHB Dusty Pollert
|
0-0: Ball 1-0: Ball 2-0: Ground out 6-3 (Groundball, 6, EV 90.6 MPH)
|
Batting: RHB Jon Marquez
|
0-0: Ball 1-0: Foul Ball, location: 2F 1-1: Called Strike 1-2: Ground out 4-3 (Groundball, 34, EV 97.5 MPH)
|
Batting: SHB Freddie Farrar
|
0-0: Called Strike 0-1: Swinging Strike 0-2: Ball 1-2: Ball 2-2: Strikes out looking
|
Bottom of the 1st over - 0 runs, 0 hits, 0 errors, 0 left on base; Reading 3 - Pensacola 0 |
TOP OF THE 2ND |
Reading Fightin Phils batting - Pitching for Pensacola Blue Wahoos : LHP Suk-jin Sok
|
Batting: LHB Alex Fernandez
|
0-0: Called Strike 0-1: Called Strike 0-2: Ball 1-2: Foul Ball, location: 2F 1-2: Ball 2-2: Ball 3-2: Ground out 4-3 (Groundball, 4, EV 83.8 MPH)
|
Batting: RHB Josh Baker
|
0-0: Called Strike 0-1: Called Strike 0-2: Ball 1-2: Ball 2-2: Fly out, F8 (Flyball, 8RXD, EV 88.8 MPH)
|
Batting: SHB Detlef Oursler
|
0-0: Ground out 5-3 (Groundball, 56S, EV 78.8 MPH)
|
Top of the 2nd over - 0 runs, 0 hits, 0 errors, 0 left on base; Reading 3 - Pensacola 0 |
BOTTOM OF THE 2ND |
Pensacola Blue Wahoos batting - Pitching for Reading Fightin Phils : RHP Manny Cordova
|
Batting: RHB Mike Alm
|
0-0: Ball 1-0: Ball 2-0: Ball 3-0: Called Strike 3-1: Base on Balls
|
Batting: RHB Jonathan Robies
|
0-0: Ball 1-0: Swinging Strike 1-1: Ball 2-1: Ball 3-1: Base on Balls Mike Alm to second
|
Batting: RHB Danny Real
|
0-0: Called Strike 0-1: Foul Ball, location: 2F 0-2: Fly out, F8 (Flyball, 78D, EV 101.9 MPH)
|
Batting: RHB Chris Zamora
|
0-0: Ball 1-0: Swinging Strike 1-1: Called Strike 1-2: Ball 2-2: Strikes out looking
|
Batting: RHB Frank Moron
|
0-0: Called Strike 0-1: Foul Ball, location: 2F 0-2: Fly out, F8 (Flyball, 8LS, EV 91.2 MPH)
|
Bottom of the 2nd over - 0 runs, 0 hits, 0 errors, 2 left on base; Reading 3 - Pensacola 0 |
TOP OF THE 3RD |
Reading Fightin Phils batting - Pitching for Pensacola Blue Wahoos : LHP Suk-jin Sok
|
Batting: RHB Prabhukumar Santhanakrishnan
|
0-0: Called Strike 0-1: Foul Ball, location: 2F 0-2: Ball 1-2: Foul Ball, location: 2F 1-2: Ball 2-2: Foul Ball, location: 2F 2-2: Ground out 6-3 (Groundball, 56D, EV 90.0 MPH)
|
Batting: RHB Mark Schultz
|
0-0: Fly out, F7 (Flyball, 78D, EV 90.0 MPH)
|
Batting: LHB Josh George
|
0-0: Ball 1-0: Called Strike 1-1: Called Strike 1-2: Strikes out swinging
|
Top of the 3rd over - 0 runs, 0 hits, 0 errors, 0 left on base; Reading 3 - Pensacola 0 |
BOTTOM OF THE 3RD |
Pensacola Blue Wahoos batting - Pitching for Reading Fightin Phils : RHP Manny Cordova
|
Batting: RHB Yutaka Sato
|
0-0: Ball 1-0: Ball 2-0: SINGLE (Groundball, 6MD, EV 103.1 MPH)
|
Batting: RHB Dusty Pollert
|
0-0: Called Strike 0-1: Swinging Strike 0-2: Fly out, F8 (Line Drive, 8LM, EV 88.1 MPH)
|
Batting: RHB Jon Marquez
|
0-0: Foul Ball, location: 2F 0-1: SINGLE (Line Drive, 34D, EV 104.4 MPH) Yutaka Sato to second
|
Batting: SHB Freddie Farrar
|
0-0: Foul Ball, location: 2F 0-1: Ball 1-1: Ball 2-1: Foul Ball, location: 2F 2-2: Foul Ball, location: 2F 2-2: Grounds into double play, 4-6-3 (Groundball, 4, EV 106.2 MPH)
|
Bottom of the 3rd over - 0 runs, 2 hits, 0 errors, 1 left on base; Reading 3 - Pensacola 0 |
TOP OF THE 4TH |
Reading Fightin Phils batting - Pitching for Pensacola Blue Wahoos : LHP Suk-jin Sok
|
Batting: RHB Abel Surraca
|
0-0: Ball 1-0: Ground out 6-3 (Groundball, 6, EV 91.9 MPH)
|
Batting: RHB Victor Arroyo
|
0-0: Swinging Strike 0-1: Foul Ball, location: 2F 0-2: Ground out 6-3 (Groundball, 6M, EV 93.1 MPH)
|
Batting: RHB Kyle Reilly
|
0-0: Foul Ball, location: 2F 0-1: Called Strike 0-2: Ball 1-2: Strikes out swinging
|
Top of the 4th over - 0 runs, 0 hits, 0 errors, 0 left on base; Reading 3 - Pensacola 0 |
BOTTOM OF THE 4TH |
Pensacola Blue Wahoos batting - Pitching for Reading Fightin Phils : RHP Manny Cordova
|
Batting: RHB Mike Alm
|
0-0: Swinging Strike 0-1: Swinging Strike 0-2: Ball 1-2: Foul Ball, location: 2F 1-2: Fly out, F3 (Popup, 34, EV 70.0 MPH)
|
Batting: RHB Jonathan Robies
|
0-0: Foul Ball, location: 2F 0-1: Fly out, F9 (Flyball, 9D, EV 88.1 MPH)
|
Batting: RHB Danny Real
|
0-0: Swinging Strike 0-1: Ball 1-1: Foul Ball, location: 2F 1-2: Ball 2-2: Fly out, F8 (Line Drive, 89M, EV 98.1 MPH)
|
Bottom of the 4th over - 0 runs, 0 hits, 0 errors, 0 left on base; Reading 3 - Pensacola 0 |
TOP OF THE 5TH |
Reading Fightin Phils batting - Pitching for Pensacola Blue Wahoos : LHP Suk-jin Sok
|
Batting: LHB Alex Fernandez
|
0-0: Fly out, F8 (Flyball, 8RM, EV 90.0 MPH)
|
Batting: RHB Josh Baker
|
0-0: Fly out, F7 (Line Drive, 7, EV 88.8 MPH)
|
Batting: SHB Detlef Oursler
|
0-0: Foul Ball, location: 2F 0-1: Ball 1-1: Called Strike 1-2: DOUBLE (Line Drive, 89D, EV 100.6 MPH)
|
Batting: RHB Prabhukumar Santhanakrishnan
|
0-0: SINGLE (Groundball, 56S, EV 73.1 MPH) (infield hit) Detlef Oursler to third
|
Batting: RHB Mark Schultz
|
0-0: Ball 1-0: Ball 2-0: Called Strike 2-1: DOUBLE (Line Drive, 9D, EV 96.9 MPH) Detlef Oursler scores Prabhukumar Santhanakrishnan to third Runner from 3rd tries for Home, SAFE, no throw by RF
|
Pitching: LHP Brian Whittall
|
|
Batting: LHB Josh George
|
0-0: Ball 1-0: Ball 2-0: Called Strike 2-1: Ball 3-1: Foul Ball, location: 2F 3-2: Base on Balls
|
Batting: RHB Abel Surraca
|
0-0: Ball 1-0: Foul Ball, location: 2F 1-1: Ball 2-1: Ball 3-1: Base on Balls Mark Schultz to third Josh George to second
|
Batting: RHB Victor Arroyo
|
0-0: Ball 1-0: Ball 2-0: Called Strike 2-1: Ball 3-1: Foul Ball, location: 2F 3-2: Ground out 5-3 (Groundball, 56S, EV 84.4 MPH)
|
Top of the 5th over - 2 runs, 3 hits, 0 errors, 3 left on base; Reading 5 - Pensacola 0 |
BOTTOM OF THE 5TH |
Pensacola Blue Wahoos batting - Pitching for Reading Fightin Phils : RHP Manny Cordova
|
Batting: RHB Chris Zamora
|
0-0: Ball 1-0: Ball 2-0: Called Strike 2-1: Called Strike 2-2: Fly out, F4 (Popup, 4M, EV 74.4 MPH)
|
Batting: RHB Frank Moron
|
0-0: Ground out 5-3 (Groundball, 56S, EV 78.8 MPH)
|
Batting: RHB Yutaka Sato
|
0-0: Ball 1-0: Ball 2-0: Ball 3-0: Called Strike 3-1: Base on Balls
|
Batting: RHB Dusty Pollert
|
0-0: Foul Ball, location: 2F 0-1: Ball 1-1: Ball 2-1: Fielders Choice at 2nd, 5-4 (Groundball, 56, EV 79.4 MPH)
|
Bottom of the 5th over - 0 runs, 0 hits, 0 errors, 1 left on base; Reading 5 - Pensacola 0 |
TOP OF THE 6TH |
Reading Fightin Phils batting - Pitching for Pensacola Blue Wahoos : LHP Brian Whittall
|
Batting: RHB Kyle Reilly
|
0-0: Ball 1-0: Ball 2-0: Foul Ball, location: 2F 2-1: Ball 3-1: Base on Balls
|
Batting: LHB Alex Fernandez
|
0-0: Called Strike 0-1: Fielders Choice at 2nd, 3-6 (Groundball, 3, EV 86.9 MPH)
|
Batting: RHB Josh Baker
|
0-0: Ball 1-0: Foul Ball, location: 2F 1-1: Grounds into double play, 6-4-3 (Groundball, 6, EV 80.0 MPH)
|
Top of the 6th over - 0 runs, 0 hits, 0 errors, 0 left on base; Reading 5 - Pensacola 0 |
BOTTOM OF THE 6TH |
Pensacola Blue Wahoos batting - Pitching for Reading Fightin Phils : RHP Manny Cordova
|
Batting: RHB Jon Marquez
|
0-0: Ball 1-0: Ground out 5-3 (Groundball, 56, EV 96.2 MPH)
|
Batting: SHB Freddie Farrar
|
0-0: Foul Ball, location: 2F 0-1: Foul Ball, location: 2F 0-2: Ball 1-2: Foul Ball, location: 2F 1-2: Foul Ball, location: 2F 1-2: Fly out, F6 (Flyball, 6MD, EV 96.9 MPH)
|
Batting: RHB Mike Alm
|
0-0: Ground out 4-3 (Groundball, 34D, EV 106.2 MPH)
|
Bottom of the 6th over - 0 runs, 0 hits, 0 errors, 0 left on base; Reading 5 - Pensacola 0 |
TOP OF THE 7TH |
Reading Fightin Phils batting - Pitching for Pensacola Blue Wahoos : LHP Brian Whittall
|
Batting: SHB Detlef Oursler
|
0-0: Called Strike 0-1: Foul Ball, location: 2F 0-2: Ground out 4-3 (Groundball, 34, EV 102.5 MPH)
|
Batting: RHB Prabhukumar Santhanakrishnan
|
0-0: Ball 1-0: Reached on error, E6 (Groundball, 6S, EV 94.4 MPH)
|
Batting: RHB Mark Schultz
|
0-0: Called Strike 0-1: Ball 1-1: Foul Ball, location: 2F 1-2: Ball 2-2: Foul Ball, location: 2F 2-2: Grounds into double play, 1-6-3 (Groundball, 13S, EV 75.0 MPH)
|
Top of the 7th over - 0 runs, 0 hits, 1 error, 0 left on base; Reading 5 - Pensacola 0 |
BOTTOM OF THE 7TH |
Pensacola Blue Wahoos batting - Pitching for Reading Fightin Phils : RHP Manny Cordova
|
Batting: RHB Jonathan Robies
|
0-0: Ball 1-0: Foul Ball, location: 2F 1-1: Ball 2-1: Ground out 4-3 (Groundball, 4, EV 81.9 MPH)
|
Pitching: RHP Gabe Torres
|
|
Batting: RHB Danny Real
|
0-0: Called Strike 0-1: SINGLE (Groundball, 15S, EV 70.6 MPH) (infield hit)
|
Batting: RHB Chris Zamora
|
0-0: Called Strike 0-1: Swinging Strike 0-2: Ball 1-2: Foul Ball, location: 2F 1-2: Ball 2-2: Ball 3-2: Base on Balls Danny Real to second
|
Batting: RHB Frank Moron
|
0-0: Called Strike 0-1: Ball 1-1: Ball 2-1: Called Strike 2-2: Ball 3-2: Base on Balls Danny Real to third Chris Zamora to second
|
Batting: RHB Yutaka Sato
|
0-0: Foul Ball, location: 2F 0-1: Called Strike 0-2: Ball 1-2: Ball 2-2: Fielders Choice at 2nd, 4-6 (Groundball, 34, EV 103.8 MPH) Danny Real scores Chris Zamora to third
|
Batting: RHB Dusty Pollert
|
0-0: Ball 1-0: Called Strike 1-1: Ball 2-1: SINGLE (Groundball, 6M, EV 100.0 MPH) (infield hit) Chris Zamora scores Yutaka Sato to second
|
Batting: RHB Jon Marquez
|
0-0: TRIPLE (Line Drive, 78XD, EV 103.1 MPH) Yutaka Sato scores Dusty Pollert scores
|
Pitching: LHP Roger Farley
|
|
Batting: SHB Freddie Farrar
|
0-0: Foul Ball, location: 2F 0-1: Ground out 4-3 (Groundball, 34, EV 105.0 MPH)
|
Bottom of the 7th over - 4 runs, 3 hits, 0 errors, 1 left on base; Reading 5 - Pensacola 4 |
TOP OF THE 8TH |
Reading Fightin Phils batting - Pitching for Pensacola Blue Wahoos : LHP Brian Whittall
|
Pitching: LHP Jin Zhui
|
|
Pinch Hitting: RHB Bill Moldenhauer
|
0-0: Ball 1-0: Called Strike 1-1: Foul Ball, location: 2F 1-2: Ground out 6-3 (Groundball, 6S, EV 86.9 MPH)
|
Batting: RHB Abel Surraca
|
0-0: Called Strike 0-1: Ball 1-1: Fly out, F7 (Flyball, 7, EV 83.8 MPH)
|
Batting: RHB Victor Arroyo
|
0-0: Ball 1-0: Ball 2-0: Swinging Strike 2-1: Foul Ball, location: 2F 2-2: Ball 3-2: Strikes out swinging
|
Top of the 8th over - 0 runs, 0 hits, 0 errors, 0 left on base; Reading 5 - Pensacola 4 |
BOTTOM OF THE 8TH |
Pensacola Blue Wahoos batting - Pitching for Reading Fightin Phils : LHP Roger Farley
|
Now in LF: Doug Frampton
|
|
Batting: RHB Mike Alm
|
0-0: Foul Ball, location: 2F 0-1: Ball 1-1: Ground out 4-3 (Groundball, 34S, EV 85.6 MPH)
|
Batting: RHB Jonathan Robies
|
0-0: Ball 1-0: Ball 2-0: Foul Ball, location: 2F 2-1: Ball 3-1: Ground out 4-3 (Groundball, 4, EV 93.1 MPH)
|
Batting: RHB Danny Real
|
0-0: Called Strike 0-1: Swinging Strike 0-2: Fly out, F8 (Flyball, 8LXD, EV 97.5 MPH)
|
Bottom of the 8th over - 0 runs, 0 hits, 0 errors, 0 left on base; Reading 5 - Pensacola 4 |
TOP OF THE 9TH |
Reading Fightin Phils batting - Pitching for Pensacola Blue Wahoos : LHP Jin Zhui
|
Batting: RHB Kyle Reilly
|
0-0: SINGLE (Groundball, 6MD, EV 94.4 MPH)
|
Batting: LHB Alex Fernandez
|
0-0: Bunt missed! 0-1: Sac Bunt to 13S - play at first, batter OUT! 1-3 Kyle Reilly to second
|
Batting: RHB Josh Baker
|
0-0: Called Strike 0-1: Called Strike 0-2: Ground out 6-3 (Groundball, 6, EV 89.4 MPH)
|
Batting: SHB Detlef Oursler
|
0-0: Foul Ball, location: 2F 0-1: Ball 1-1: Swinging Strike 1-2: Strikes out swinging
|
Top of the 9th over - 0 runs, 1 hit, 0 errors, 1 left on base; Reading 5 - Pensacola 4 |
BOTTOM OF THE 9TH |
Pensacola Blue Wahoos batting - Pitching for Reading Fightin Phils : LHP Roger Farley
|
Pitching: RHP Ubbe Dekker
|
|
Now at 2B: Steve Jones
|
|
Now at SS: Detlef Oursler
|
|
Batting: RHB Chris Zamora
|
0-0: Fly out, F8 (Flyball, 8RD, EV 104.4 MPH)
|
Pinch Hitting: LHB Keith Egan
|
0-0: Ground out U3 (Groundball, 3, EV 86.2 MPH)
|
Pinch Hitting: RHB David Clough
|
0-0: Called Strike 0-1: Ball 1-1: SINGLE (Groundball, 34D, EV 104.4 MPH)
|
Batting: RHB Dusty Pollert
|
0-0: Foul Ball, location: 2F 0-1: Called Strike 0-2: Strikes out swinging
|
Bottom of the 9th over - 0 runs, 1 hit, 0 errors, 1 left on base; Reading 5 - Pensacola 4 |
|